 Dungeon Crawl Stone Soup version 0.27.0-1-g7a089689b8 (webtiles) character file.

Game seed: 7051389694100346766

58 MisterFreud the Cudgeller (level 4, 0/28 HPs)
             Began as a Gargoyle Fighter on Aug 1, 2021.
             Slain by Sigmund (6 damage)
             ... on level 3 of the Dungeon.
             The game lasted 00:01:48 (2057 turns).

MisterFreud the Cudgeller (Gargoyle Fighter)        Turns: 2057, Time: 00:01:49

Health: 0/28       AC: 10    Str: 20    XL:     4   Next: 2%
Magic:  4/4        EV:  7    Int:  9    God:
Gold:   119        SH:  9    Dex:  9    Spells: 3/3 levels left

rFire    . . .     SeeInvis .   a - +0 flail
rCold    . . .     Faith    .   c - +0 kite shield
rNeg     + . .     Spirit   .   b - +0 scale mail
rPois    ∞         Reflect  .   (no helmet)
rElec    +         Harm     .   (no cloak)
rCorr    .         Rampage  .   (no gloves)
Will     .....                  (no boots)
Stlth    ..........             (no amulet)
HPRegen  0.09/turn              (no ring)
MPRegen  0.09/turn              (no ring)

@: no status effects
A: sickness immunity, AC +3, negative energy resistance 1, electricity
resistance, torment resistance 1, petrification resistance
a: no special abilities


You were on level 3 of the Dungeon.
You visited 1 branch of the dungeon, and saw 3 of its levels.

You collected 119 gold pieces.

Inventory:

Hand Weapons
 a - a +0 flail (weapon)
Armour
 b - a +0 scale mail (worn)
 c - a +0 kite shield (worn)
Jewellery
 j - a ring of magical power
Scrolls
 e - a scroll of fear {unknown}
 h - a scroll of brand weapon {unknown}
 i - a scroll of summoning {unknown}
 k - a scroll of enchant armour {unknown}
 l - a scroll of teleportation {unknown}
Potions
 d - a potion of might
 f - 2 potions of flight {unknown}
 g - a potion of magic {unknown}


   Skills:
 - Level 3.2 Fighting
 + Level 4.2 Maces & Flails
 - Level 3.2 Armour
 - Level 3.2 Shields


You had 3 spell levels left.
You didn't know any spells.
Your spell library was empty.

Dungeon Overview and Level Annotations

Branches:
Dungeon (3/15)

Altars:
Ashenzari

Annotations:
D:2 1 runed translucent door, Crazy Yiuf
D:3 Sigmund


Innate Abilities, Weirdness & Mutations

You are immune to sickness and miasma.
Your stone body is resilient. (AC +3)
You are immune to poison.
You resist negative energy. (rN+)
You are resistant to electric shocks. (rElec)
You are resistant to unholy torment.
You are immune to petrification.


Message History

You hit the goblin.
You kill the goblin!
You barely miss the rat. The rat closely misses you.
Your shield and scale mail prevent you from hitting the rat.
The rat bites you but does no damage. You block the rat's attack.
You barely miss the rat. The rat bites you but does no damage.
You closely miss the rat. The rat barely misses you.
The rat bites you but does no damage.
You closely miss the rat. The rat bites you but does no damage.
You hit the rat but do no damage. The rat bites you.
You block the rat's attack.
You barely miss the rat. The rat bites you.
You hit the rat.
You kill the rat!
You see here a +0 club.
Sigmund the Dreaded comes into view.
He is wielding a +0 scythe.
Sigmund shouts!
Found a leather armour.
Sigmund is nearby!
Found 12 stones.
Sigmund points at you and mumbles some strange words.
You are confused.
Sigmund gestures at you while chanting. The puff of flame hits you!
Sigmund mumbles some strange words.
Sigmund flickers and vanishes!
Deactivating autopickup; reactivate with Ctrl-A.
You closely miss something. Something completely misses you.
Something hits you.
You miss something.
You feel less confused. Something hits you but does no damage.
You hear some strange, mumbled words.
A magic dart appears from out of thin air!
The magic dart hits you but does no damage.
Something hits you.
You barely miss something. Something hits you!
* * * LOW HITPOINT WARNING * * *
You closely miss something. Something hits you.
You die...

#.....#...)......#
#.........#########
##.....#..#
#........#
#.#..###.#
#........#####
######.#.......#
#........#####.#
.#.#@...#####.
##{.........
#....#####.#
.......# ..##..[..#
##(.... ##..###
...# #.##


There were no monsters in sight!

Vanquished Creatures
  2 adders (D:2)
  3 dart slugs (D:1)
  5 endoplasms
  A giant cockroach (D:1)
  3 goblins
  5 jackals
  3 ball pythons
  3 bats
  3 frilled lizards (D:2)
  3 kobolds
  5 rats
36 creatures vanquished.

Notes
Turn   | Place    | Note
-------+----------+-------------------------------------------
     0 | D:1      | MisterFreud the Gargoyle Fighter began the quest for the
                  | Orb.
     0 | D:1      | Reached XP level 1. HP: 14/14 MP: 1/1
   184 | D:1      | Reached XP level 2. HP: 18/19 MP: 2/2
   224 | D:1      | Reached skill level 3 in Maces & Flails
   666 | D:1      | Reached XP level 3. HP: 23/23 MP: 3/3
   733 | D:2      | Found a broken altar of Ashenzari.
   855 | D:2      | Found a runed translucent door.
   856 | D:2      | Noticed Crazy Yiuf
  1124 | D:2      | Reached skill level 4 in Maces & Flails
  1937 | D:3      | Reached XP level 4. HP: 28/28 MP: 4/4
  2047 | D:3      | Noticed Sigmund
  2057 | D:3      | Slain by Sigmund

Illustrated notes

Levels and vault maps discovered:
D:1:      saegor_arrival_simple_c, layout_basic
D:2:      layout_basic, basic_altar, uniq_crazy_yiuf_cottage
D:3:      layout_loops_corners, uniq_sigmund

Skill      XL: |  1  2  3 |
---------------+----------+-----
Maces & Flails | 3 4 |  4.2
Fighting       | |  3.2
Armour         | |  3.2
Shields        | |  3.2

Action                   |  1- 3 |  4- 6 || total
-------------------------+-------+-------++-------
Melee: Flail             |   128 |    16 ||   144
Armor: Scale mail        |    83 |     8 ||    91
Dodge: Dodged            |    43 |     3 ||    46
Block: Kite shield       |    71 |     4 ||    75
